 Dungeon Crawl Stone Soup version 0.28.0-53-g5a82cb258f (webtiles) character file.

Game seed: 8353817493417004621

8823 Peloso the Carver (level 11, 0/99 HPs)
             Began as a Minotaur Fighter on May 22, 2022.
             Was a Believer of Okawaru.
             Slain by a vampire (4 damage)
             ... on level 10 of the Dungeon.
             The game lasted 00:16:54 (10896 turns).

Peloso the Carver (Minotaur Fighter)               Turns: 10896, Time: 00:16:54

Health: 0/99       AC: 17    Str: 24    XL:     11   Next: 15%
Magic:  9/10       EV:  8    Int:  5    God:    Okawaru [**....]
Gold:   505        SH:  6    Dex: 17    Spells: 10/10 levels left

rFire   . . .      SeeInvis .   a - +2 falchion (drain)
rCold   . . .      Faith    .   c - +0 buckler
rNeg    + . .      Spirit   .   e - +1 plate armour
rPois   .          Reflect  .   x - +1 hat
rElec   .          Harm     .   (no cloak)
rCorr   .          Rampage  .   (no gloves)
Will    +++..      Clarity  +   (no boots)
Stlth   ..........              u - amulet of the Four Winds {rN+ Will+++ Clar}
HPRegen 0.26/turn               y - +4 ring of slaying
MPRegen 0.12/turn               z - +6 ring of dexterity

@: no status effects
A: horns 2, retaliatory headbutt
a: Renounce Religion, Heroism


You were on level 10 of the Dungeon.
You worshipped Okawaru.
Okawaru was pleased with you.
You visited 2 branches of the dungeon, and saw 11 of its levels.
You also visited: Ossuary.

You collected 505 gold pieces.

Inventory:

Hand Weapons
 a - a +2 falchion of draining (weapon)
Missiles
 q - a throwing net (quivered)
Armour
 b - a +0 scale mail
 c - a +0 buckler (worn)
 e - a +1 plate armour (worn)
 x - a +1 hat (worn)
Jewellery
 p - a ring of wizardry
 u - the amulet of the Four Winds (around neck) {rN+ Will+++ Clar}
   (You found it on level 5 of the Dungeon)

   [amulet of nothing]

   rN:        It protects you from negative energy.
   Clar:      It protects you against confusion.
   Will:      It greatly increases your willpower.
 y - a +4 ring of slaying (left hand)
 z - a +6 ring of dexterity (right hand)
 A - a ring of protection from fire
Wands
 g - a wand of iceblast (3)
 o - a wand of acid (5)
Scrolls
 f - a scroll of enchant weapon
 h - 4 scrolls of fear
 i - 5 scrolls of teleportation
 k - 2 scrolls of holy word
 l - 2 scrolls of blinking
 m - 2 scrolls of fog
 v - a scroll of magic mapping
 D - a scroll of enchant armour
 E - a scroll of noise
Potions
 d - 2 potions of might
 j - a potion of resistance
 n - 2 potions of curing
 r - a potion of berserk rage
 s - a potion of magic
 t - 3 potions of haste {unknown}
 w - 2 potions of brilliance {unknown}
 B - a potion of mutation {unknown}
 C - a potion of heal wounds {unknown}


   Skills:
 + Level 9.9 Fighting
 + Level 12.9 Long Blades
 + Level 11.6 Armour
 + Level 1.6 Dodging
 + Level 0.4 Stealth
 + Level 8.3 Shields
 + Level 1.1 Evocations


You had 10 spell levels left.
You didn't know any spells.
Your spell library contained the following spells:

 Spells                   Type           Power      Damage    Failure   Level
 Magic Dart               Conj           0%         1d3       100%        1
 Sting                    Tmut/Pois      0%         1d3       100%        1
 Corpse Rot               Necr/Air       0%         N/A       100%        2
 Poisonous Vapours        Pois/Air       0%         N/A       100%        2
 Searing Ray              Conj           0%         2d4       100%        2
 Static Discharge         Conj/Air       0%         N/A       100%        2
 Inner Flame              Hex/Fire       0%         N/A       100%        3
 Cause Fear               Hex            0%         N/A       100%        4
 Dispel Undead            Necr           0%         3d6       100%        4
 Fulminant Prism          Conj/Hex       0%         3d6       100%        4
 Olgreb's Toxic Radiance  Pois           0%         N/A       100%        4
 Sticky Flame             Conj/Fire      0%         2d3       100%        4
 Blade Hands              Tmut           0%         N/A       100%        5
 Irradiate                Conj/Tmut      0%         3d14      100%        5
 Dragon Form              Tmut           0%         N/A       100%        7
 Discord                  Hex            0%         N/A       100%        8


Dungeon Overview and Level Annotations

Branches:
Dungeon (10/15)            Temple (1/1) D:7         Ossuary (visited)
   Lair: D:8-11         Orc: D:9-12

Altars:
Ashenzari
Dithmenos
Elyvilon
Fedhas
Gozag
Hepliaklqana
Nemelex Xobeh
Okawaru
Qazlal
Ru
Wu Jian
Xom
Zin

Annotations:
D:4 1 runed translucent door, Crazy Yiuf


Innate Abilities, Weirdness & Mutations

You have a pair of horns on your head.
You reflexively headbutt those who attack you in melee.


Message History

Something hits you but does no damage.
Unknown command.
You slash something! Okawaru accepts your kill.
Reactivating autopickup.
You feel a bit more experienced. You block something's attack.
Deactivating autopickup; reactivate with Ctrl-A.
Something hits you but does no damage. Something bites you but does no damage.
Unknown command.
You feel better. Something hits you.
* * * LOW HITPOINT WARNING * * *
Something hits you but does no damage. x2
You hear some strange, mumbled words.
Something tries to affect you, but you resist.
You hit something but do no damage. Your headbutt misses something.
You feel like a meek peon again.
Something hits you but does no damage. x2
Something bites you but does no damage.
Unknown command.
You barely miss something. Something hits you but does no damage.
Unknown command.
You closely miss something.
Something hits you but does no damage. x2
Something bites you but does no damage.
Unknown command.
You miss something. Something hits you but does no damage.
Unknown command.
Aiming: Iceblast
Press: ? - help, Shift-Dir - straight line The mass of ice explodes!
The iceblast engulfs something!
You hear two shouts!
Something hits you but does no damage. Something draws life force from you.
* * * LOW HITPOINT WARNING * * *
Something hits you!
* * * LOW HITPOINT WARNING * * *
Unknown command.
You feel better. Something hits you.
* * * LOW HITPOINT WARNING * * *
You block something's attack. Something hits you but does no damage.
Something bites you.
You die...

#######..#.##.#..####.####.##....
....>......................####..
######.#####'#######'####..####..
#.# #.....###.....###.......
#.##.....###.....## #.####.#
#.#.....###.....## #.......
#.#....###.....## #..#####
#.+...# #.....## +..# #.#..#
###@### #..# ..#.# #.)){.# #..#
## #..(..# #.## +.[.(.+ #.#
#..(..# #. #.....# ###+###


There were no monsters in sight!

Vanquished Creatures
  A centaur warrior (D:9)
  Erolcha (D:9)
  A two-headed ogre (D:7)
  A manticore (D:10)
  2 unseen horrors
  A troll (D:5)
  Grinder (D:5)
  A wraith (D:8)
  A vampire (D:10)
  11 yaks
  Eustachio (D:5)
  A steam dragon (D:7)
  Edmund (D:4)
  2 water moccasins
  2 orc warriors (D:9)
  A black bear (D:5)
  3 ice beasts
  2 sky beasts
  4 centaurs
  An ogre (D:4)
  A phantom (D:5)
  3 bullfrogs
  An elf zombie (Ossuary)
  2 kobold brigands
  3 scorpions
  A wyvern skeleton (D:6)
  A water moccasin skeleton (D:5)
  6 killer bees (D:8)
  3 wights (D:6)
  A bullfrog zombie (D:6)
  5 orc priests
  A centaur zombie (D:9)
  A hound (D:4)
  A bullfrog skeleton (D:5)
  A centaur skeleton (D:5)
  3 gnoll shamans
  A jelly (D:8)
  2 iguanas (D:6)
  6 orc wizards
  3 mummies (Ossuary)
  2 howler monkey zombies
  Robin (D:1)
  11 gnolls
  7 adders
  A howler monkey skeleton (D:5)
  2 ufetubi
  An adder skeleton (D:4)
  3 adder zombies (Ossuary)
  A worm (D:2)
  2 dart slugs
  17 orcs
  6 endoplasms
  A giant cockroach (D:1)
  23 goblins
  9 hobgoblins
  7 jackals
  A quokka (D:3)
  6 ball pythons
  4 bats
  8 frilled lizards
  4 goblin zombies (Ossuary)
  5 hobgoblin zombies (Ossuary)
  11 kobolds
  2 kobold zombies (Ossuary)
  A quokka zombie (Ossuary)
  6 rats
  2 rat zombies (Ossuary)
229 creatures vanquished.

Vanquished Creatures (others)
  2 plants (D:3)
2 creatures vanquished.

Grand Total: 231 creatures vanquished

Notes
Turn   | Place    | Note
-------+----------+-------------------------------------------
     0 | D:1      | Peloso the Minotaur Fighter began the quest for the Orb.
     0 | D:1      | Reached XP level 1. HP: 19/19 MP: 0/0
   179 | D:1      | Reached XP level 2. HP: 27/27 MP: 1/1
  1263 | D:2      | Noticed Robin
  1268 | D:2      | Reached XP level 3. HP: 33/33 MP: 2/2
  1400 | D:1      | Killed Robin
  1401 | D:1      | Reached skill level 3 in Long Blades
  1545 | D:2      | Reached XP level 4. HP: 27/40 MP: 3/3
  1886 | D:2      | Found a faded altar of an unknown god.
  2022 | D:2      | Reached skill level 4 in Long Blades
  2948 | D:4      | Noticed Edmund
  2970 | D:4      | Killed Edmund
  2971 | D:4      | Reached skill level 5 in Long Blades
  2971 | D:4      | Reached skill level 5 in Armour
  2971 | D:4      | Reached XP level 5. HP: 15/47 MP: 4/4
  3271 | D:4      | Reached XP level 6. HP: 12/53 MP: 5/5
  3779 | D:4      | Found a runed translucent door.
  3780 | D:4      | Noticed Crazy Yiuf
  3888 | D:4      | Reached skill level 6 in Long Blades
  4030 | D:4      | Found a shadowy altar of Dithmenos.
  4216 | D:5      | Entered Level 5 of the Dungeon
  4280 | D:5      | Noticed Grinder
  4289 | D:5      | Reached XP level 7. HP: 42/60 MP: 6/6
  4295 | D:5      | Killed Grinder
  4296 | D:5      | Reached skill level 5 in Fighting
  4296 | D:5      | Reached skill level 7 in Long Blades
  4296 | D:5      | Reached skill level 5 in Shields
  4603 | D:5      | Noticed a yak
  4603 | D:5      | Noticed a yak
  4603 | D:5      | Noticed a yak
  4603 | D:5      | Noticed a yak
  4603 | D:5      | Noticed a yak
  4609 | D:5      | Noticed a yak
  4626 | D:5      | Killed a yak
  4627 | D:5      | Reached skill level 8 in Long Blades
  4627 | D:5      | Reached XP level 8. HP: 53/69 MP: 7/7
  4657 | D:5      | Reached skill level 9 in Long Blades
  5117 | D:5      | Found the amulet of the Four Winds {rN+ Will+++ Clar}
  5162 | D:5      | Reached skill level 1 in Evocations
  5162 | D:5      | Reached XP level 9. HP: 56/78 MP: 8/8
  5388 | D:5      | Noticed Eustachio
  5404 | D:5      | Killed Eustachio
  5456 | D:5      | Found a shimmering altar of Xom.
  5456 | D:5      | Found a white marble altar of Elyvilon.
  5540 | D:6      | Noticed a troll
  5554 | D:5      | Killed a troll
  5555 | D:5      | Reached skill level 10 in Long Blades
  6015 | D:6      | You fall into a shaft and drop 2 floors!
  6213 | D:8      | HP: 4/80 [poisoned by a killer bee]
  6584 | D:7      | Reached skill level 11 in Long Blades
  6683 | D:7      | Found a sand-covered staircase.
  6691 | Ossuary  | Entered an ossuary
  7121 | D:7      | Reached XP level 10. HP: 67/88 MP: 9/9
  7288 | D:7      | Found a staircase to the Ecumenical Temple.
  7292 | D:7      | Noticed a two-headed ogre
  7294 | D:7      | Reached skill level 10 in Armour
  7304 | D:7      | Killed a two-headed ogre
  7305 | D:7      | Reached skill level 1 in Dodging
  7319 | Temple   | Entered the Ecumenical Temple
  7326 | Temple   | Became a worshipper of Warmaster Okawaru
  7673 | D:7      | Identified the +12 whip of Fimpeheg {distort, rElec MP+9
                  | Dex+4}
  7808 | D:7      | Found an opulent altar of Gozag.
  8059 | D:6      | Found an ornate altar of the Wu Jian Council.
  8634 | D:8      | Found a stormy altar of Qazlal.
  9328 | D:9      | Noticed a centaur warrior
  9348 | D:9      | Killed a centaur warrior
  9348 | D:9      | Reached * piety under Okawaru
  9349 | D:9      | Reached skill level 12 in Long Blades
  9717 | D:9      | Noticed Erolcha
  9722 | D:9      | Killed Erolcha
 10025 | D:9      | Reached ** piety under Okawaru
 10196 | D:10     | Entered Level 10 of the Dungeon
 10235 | D:10     | Reached XP level 11. HP: 97/97 MP: 10/10
 10895 | D:10     | HP: 2/99 [something (7)]
 10896 | D:10     | Slain by a vampire

Illustrated notes

Levels and vault maps discovered:
D:1:      lemuel_arrival_broad_hall, layout_basic, hex_tiny, minmay_cupped
D:2:      layout_rooms, hellmonk_ecumenical_altar_crossroads, uniq_robin
D:3:      layout_rooms, serial_bayou_pond_c
D:4:      minmay_general_purpose_star, layout_loops_ring, kennysheep_mini,
          uniq_crazy_yiuf_cottage, uniq_edmund
D:5:      layout_basic, gammafunk_temple_overflow_wave, minmay_crystal_room,
          minmay_fractal_squares_diagonal_5, uniq_grinder, uniq_eustachio
D:6:      hellmonk_warped_wall, layout_basic, nzn_wu_jian_council_hall,
          chequers_serial_rivers_micro_d
D:7:      layout_loops_ring, lemuel_doored_altar, minmay_temple_entry_mist,
          nicolae_ossuary_entry_ruins
D:8:      layout_loops_ring, mainiacjoe_overflow_alcove_2
D:9:      layout_roguey, uniq_erolcha
D:10:     layout_loops_ring, palyth_temple_overflow_mages, minmay_quadrilaterals
Temple:   cyrus_circular_temple

Skill      XL: |  1  2  3  4  5  6  7  8  9 10 |
---------------+-------------------------------+-----
Shields        | 4 5 6 7 8 |  8.3
Armour         | 4 5 6 8 9 11 | 11.6
Long Blades    | 3 5 6 8 9 11 12 | 12.9
Fighting       | 4 5 6 8 9 |  9.9
Evocations     | 1 |  1.1
Dodging        | 1 |  1.6
Stealth        | |  0.4

Action                   |  1- 3 |  4- 6 |  7- 9 | 10-12 || total
-------------------------+-------+-------+-------+-------++-------
Melee: Long sword        |    88 |   153 |       |       ||   241
       Headbutt          |     9 |    25 |    47 |    33 ||   114
       Falchion          |       |       |   324 |   184 ||   508
Invok: Heroism           |       |       |       |     1 ||     1
Evoke: Wand              |       |       |     3 |     6 ||     9
  Use: Potion            |     2 |     1 |       |     2 ||     5
       Scroll            |       |       |    11 |     5 ||    16
Armor: Scale mail        |     6 |       |       |       ||     6
       Plate armour      |    82 |    91 |   181 |   147 ||   501
Dodge: Dodged            |    28 |    37 |   103 |    46 ||   214
Block: Buckler           |    22 |    38 |    89 |    58 ||   207
